cohdb
Replays
Latest Replays
All Replays
Popular Replays
Top Player Replays
Match Explorer
How It Works
Community
CoH3 Stats
Reddit
Sign in to upload your games and track your stats! →
Sign in with Steam
Match 41190352
Unlisted
Match 41190352
Overview
Messages
Build Orders
End
Construct Infanterie Kompanie
Kettenkrad Recon Vehicle
Grenadier Squad
Selects Breakthrough Battlegroup
Selects Assault Grenadiers
Grenadier Squad
GrW 34 Mortar Team
MG 42 Machine Gun Team
Construct Panzergrenadier Kompanie
Infanterie Officer Quarters
Selects Breakthrough
Panzergrenadier Squad
Support Elements
Panzergrenadier Officer Quarters
Nebelwerfer 42 Rocket Launcher Team
Nebelwerfer 42 Rocket Launcher Team
Construct Panzer Kompanie
Medical Bunker
Selects Rapid Production
Selects Blitzkrieg
Sturmpanzer IV Brummbär
Selects Incendiary Bombing Run
Incendiary Bombing Run
Stoßtruppen Squad
Pak 40 Anti-tank Gun Team
insane
Wolfens
RO635
realnoob
Scooter
I'M THE COOK
청국장맛양말
IronPixie
0
0
Comments
sign in to comment!
No comments posted yet!